 Dungeon Crawl Stone Soup version 0.27-a0-1548-gf8a67e7463 (webtiles) character file.

Game seed: 2121003196403295661

2 elagabalus the Slasher (level 1, 17/18 HPs)
             Began as a Minotaur Gladiator on July 13, 2021.
             Quit the game on level 1 of the Dungeon.
             The game lasted 00:01:31 (246 turns).

elagabalus the Slasher (Minotaur Gladiator)          Turns: 246, Time: 00:01:32

Health: 17/18      AC:  0    Str: 18    XL:     1   Next: 25%
Magic:  0/0        EV: 12    Int:  5    God:
Gold:   8          SH:  0    Dex: 11    Spells: 0/0 levels left

rFire    . . .     SeeInvis .   a - +0 long sword
rCold    . . .     Faith    .   (no shield)
rNeg     . . .     Spirit   .   (no armour)
rPois    .         Reflect  .   (helmet restricted)
rElec    .         Harm     .   (no cloak)
rCorr    .         Rampage  .   (no gloves)
Will     .....                  (no boots)
Stlth    +.........             (no amulet)
HPRegen  0.06/turn              (no ring)
MPRegen  0.07/turn              (no ring)

@: no status effects
A: horns 2, retaliatory headbutt
a: no special abilities


You were on level 1 of the Dungeon.
You visited 1 branch of the dungeon, and saw 1 of its levels.

You collected 8 gold pieces.

Inventory:

Hand Weapons
 a - a +0 long sword (weapon)
Missiles
 d - 3 throwing nets (quivered)
 e - 17 stones
Armour
 b - a +0 leather armour
 c - a +0 hat


   Skills:
 - Level 2.4 Fighting
 + Level 3.8 Long Blades
 - Level 2.0 Throwing
 - Level 3.2 Dodging


You couldn't memorise any spells.
You didn't know any spells.
Your spell library was empty.

Dungeon Overview and Level Annotations

Branches:
Dungeon (1/15)

Altars:


Innate Abilities, Weirdness & Mutations

You have a pair of horns on your head.
You reflexively headbutt those who attack you in melee.


Message History

Welcome, elagabalus the Minotaur Gladiator.
Will you prevail where others failed? Will you find the Orb of Zot?
Press ? for a list of commands and other information.
Found a staircase leading out of the dungeon.
You aren't carrying any pieces of jewellery.
You start removing your armour.
You continue taking off your +0 leather armour. x4
You finish taking off your +0 leather armour.
You start removing your armour.
You continue taking off your +0 hat. x4
You finish taking off your +0 hat.
You open the door.
A ball python comes into view.
Found 8 gold pieces.
There is an open door here.
You closely miss the ball python. The ball python bites you.
The ball python grabs you. The ball python constricts you.
You slash the ball python!
You kill the ball python!
You see here a ball python corpse.
An endoplasm comes into view.
You hit the endoplasm but do no damage. You headbutt the endoplasm.
The endoplasm is almost dead.
The endoplasm freezes you.
You are frozen.
You slash the endoplasm!
You kill the endoplasm!
You now have 8 gold pieces.
Found 17 stones.
Found a long sword.
You see here 17 stones.
e - 17 stones You see here a +0 long sword.
Are you sure you want to abandon this character and quit the game? (Confirm with "yes".)

##.#.# ###.# #.#
#.# #+#
#####.#######.###
#...............#
#.###.##..###.#.#
#.##..##....###
#........@....#
####..##^...#.#
.....###.#.#
#####.# #.#.# #..
... . #.# #####.
#.. .# ### #


There were no monsters in sight!

Vanquished Creatures
  An endoplasm (D:1)
  A ball python (D:1)
2 creatures vanquished.

Notes
Turn   | Place    | Note
-------+----------+-------------------------------------------
     0 | D:1      | elagabalus the Minotaur Gladiator began the quest for the
                  | Orb.
     0 | D:1      | Reached XP level 1. HP: 18/18 MP: 0/0
   246 | D:1      | Quit the game

Illustrated notes

Levels and vault maps discovered:
D:1:      onia_arrival_mini_maze, layout_loops_corners,
          chequers_ecumenical_altar_twisty, serial_shops, nicolae_shop_stone

Action                   || total
-------------------------++-------
Melee: Long sword        ||     4
       Headbutt          ||     1

Table legend: (Time is in decaauts)
 A = Elapsed time spent in this place.
 B = Non-inter-level travel time spent in this place.
 C = Inter-level travel time spent in this place.
 D = Time resting spent in this place.
 E = Time spent auto-exploring this place.
 F = Levels seen in this place.
 G = Mean time per level.
                   A        B        C        D        E       F      G
               +--------+--------+--------+--------+--------+-----+--------+
         Total |    246 |     31 |    215 |      0 |      0 |   1 |  246.0 |
       Dungeon |    246 |     31 |    215 |      0 |      0 |   1 |  246.0 |
               +--------+--------+--------+--------+--------+-----+--------+

Top non-repeatable levels by time:
     D:1: 246 daAuts
